 Dungeon Crawl Stone Soup version 0.32-a0-314-g526f7d4993 (webtiles) character file.

Game seed: 1293231032162281761

172 juan097 the Trooper (level 5, -1/48 HPs)
             Began as a Minotaur Fighter on Feb 15, 2024.
             Was a Believer of Wu Jian.
             Incinerated by a bombardier beetle (4 damage)
             ... with a burning spray
             ... on level 3 of the Dungeon.
             The game lasted 00:04:12 (1998 turns).

juan097 the Trooper (Minotaur Fighter)              Turns: 1998, Time: 00:04:13

Health: -1/48      AC:  8    Str: 20 (22) XL:     5   Next: 27%
Magic:  4/4        EV:  9    Int:  2 (5)  God:    Wu Jian [**....]
Gold:   90         SH:  0    Dex:  7 (10) Spells: 4/4 levels left

rFire   . . .        a - +0 war axe
rCold   . . .        c - +0 buckler
rNeg    . . .        q - +0 scale mail
rPois   .            (helmet restricted)
rElec   .            (no cloak)
rCorr   .            (no gloves)
SInv    .            f - +0 pair of boots
Will    .....        h - amulet of regeneration Stlth
                     (no ring)
HPRegen 1.08/turn    (no ring)
MPRegen 0.09/turn

%: no passive effects
@: confused, lethally poisoned (-1 -> -2), on fire, ambrosia-drunk, attractive,
glowing
A: horns 2, retaliatory headbutt
a: Renounce Religion, Wall Jump


You were on level 3 of the Dungeon.
You worshipped Wu Jian.
Wu Jian was pleased with you.
You visited 1 branch of the dungeon, and saw 3 of its levels.

You collected 90 gold pieces.

Inventory:

Hand Weapons
 a - a +0 war axe (weapon)
 b - a +0 sling of draining
 r - a +1 sling of electrocution
Armour
 c - a +0 buckler (worn)
 f - a +0 pair of boots (worn)
 q - a +0 scale mail (worn)
Jewellery
 h - an amulet of regeneration (around neck)
 k - a ring of wizardry
Scrolls
 e - 2 scrolls of vulnerability {unknown}
 g - 2 scrolls of blinking {unknown}
 i - a scroll of poison {unknown}
 j - a scroll of amnesia {unknown}
 o - 2 scrolls of identify {unknown}
 p - a scroll of enchant armour {unknown}
Potions
 d - a potion of might
 l - a potion of degeneration
 s - a potion of lignification {unknown}


   Skills:
 - Level 5.0 Fighting
 + Level 4.3 Axes
 - Level 4.0 Armour
 - Level 5.0 Shields


You had 4 spell levels left.
You didn't know any spells.
Your spell library contained the following spells:

 Spells                   Type           Power      Damage    Failure   Level
 Jinxbite                 Hex            0%         N/A       98%         2
 Yara's Violent Unravell  Hex/Alch       0%         3d3       100%        5
 Enfeeble                 Hex            0%         N/A       100%        7


Dungeon Overview and Level Annotations

Branches:
Dungeon (3/15)

Altars:
Fedhas
Wu Jian


Innate Abilities, Weirdness & Mutations

You have a pair of horns on your head.
You reflexively headbutt those who attack you in melee.


Message History

You feel very sick.
The orc priest calls upon Beogh to heal the orc.
The orc's wounds heal themselves!
Something hits you but does no damage.
The bombardier beetle sprays incendiary fluid at you.
The burning spray hits you.
You are covered in liquid fire!
You shake off some of the fire as you move.
The liquid fire burns you!
You feel very sick. Something hits you but does no damage.
The bombardier beetle attacks as it pursues you!
The bombardier beetle bites you but does no damage.
You barely miss the bombardier beetle. You closely miss something.
You hit the orc. The liquid fire burns you!
You feel very sick.
You hear some strange, mumbled words.
You are more confused.
The orc hits you with a +0 flail.
It was a potion of degeneration.
There was something very wrong with that liquid.
You feel weakened.
You feel dopey.
You feel clumsy. The liquid fire burns you!
* * * LOW HITPOINT WARNING * * *
You feel sick. The orc hits you with a +0 flail.
* * * LOW HITPOINT WARNING * * *
Something hits you.
* * * LOW HITPOINT WARNING * * *
The bombardier beetle bites you.
* * * LOW HITPOINT WARNING * * *
It was a potion of ambrosia.
You are more confused.
You feel invigorated. The liquid fire burns you!
* * * LOW HITPOINT WARNING * * *
You feel sick. The orc hits you with a +0 flail.
* * * LOW HITPOINT WARNING * * *
Something hits you but does no damage. The bombardier beetle bites you.
* * * LOW HITPOINT WARNING * * *
It was a potion of attraction.
You feel attractive to monsters. The liquid fire burns you!
You die...

#### ..# # #.#
#.###w######.#
###...Boo......#
#.....@{#.######
.##.#..##.#.#
......##.#.#
##....##.#.#
#....##.#.#
#....##.#.#
#....#.#..#
######.....###.##
..........## ##.#
######


You could see a bombardier beetle, an orc priest, a dart slug and an orc.

Vanquished Creatures
  An orc priest (D:3)
  4 adders
  A dart slug (D:2)
  5 orcs (D:3)
  3 ball pythons
  An endoplasm (D:2)
  A giant cockroach (D:1)
  7 goblins
  12 hobgoblins
  5 jackals (D:1)
  3 quokkas
  5 bats
  2 frilled lizards
  5 rats
55 creatures vanquished.

Notes
Turn   | Place    | Note
-------+----------+-------------------------------------------
     0 | D:1      | juan097 the Minotaur Fighter began the quest for the Orb.
     0 | D:1      | Reached XP level 1. HP: 19/19 MP: 0/0
   144 | D:1      | Reached XP level 2. HP: 27/27 MP: 1/1
   282 | D:1      | Reached XP level 3. HP: 33/33 MP: 2/2
   669 | D:2      | Found a faded altar of an unknown god.
   690 | D:2      | Prayed at the altar of an unknown god.
   690 | D:2      | Became a worshipper of the Wu Jian Council
   690 | D:2      | Reached * piety under Wu Jian
   748 | D:2      | Reached XP level 4. HP: 41/41 MP: 3/3
  1782 | D:3      | Found a blossoming altar of Fedhas.
  1842 | D:3      | Reached XP level 5. HP: 47/47 MP: 4/4
  1849 | D:3      | Reached skill level 5 in Fighting
  1952 | D:3      | Reached skill level 5 in Shields
  1990 | D:3      | Reached ** piety under Wu Jian
  1998 | D:3      | Incinerated by a bombardier beetle

Illustrated notes

Levels and vault maps discovered:
D:1:      tarquinn_simple_flora_water_b, layout_loops_ring
D:2:      layout_loops_ring, hellmonk_ecumenical_altar_arch_garden,
          nicolae_kite_square_tiling_tiny, nicolae_figureground_pulse
D:3:      layout_loops_ring, lemuel_round_altar,
          gammafunk_temple_overflow_statue, supply_closet_lemuel, uniq_sigmund

Skill      XL: |  1  2  3  4  5 |
---------------+----------------+-----
Fighting       | 4 5 |  5.0
Shields        | 4 5 |  5.0
Armour         | 4 |  4.0
Axes           | 3 4 |  4.3

Action                     |  1- 3 |  4- 6 || total
---------------------------+-------+-------++-------
  Melee: War axe           |    55 |    66 ||   121
         Headbutt          |     9 |     5 ||    14
   Fire: Sling             |       |    14 ||    14
Ability: Lunge             |     1 |     6 ||     7
         Whirlwind         |       |     1 ||     1
    Use: Potion            |       |     3 ||     3
 Armour: Scale mail        |    47 |    58 ||   105
  Dodge: Dodged            |    31 |    34 ||    65
  Block: Buckler           |    12 |    18 ||    30

Table legend: (Time is in decaauts)
 A = Elapsed time spent in this place.
 B = Non-inter-level travel time spent in this place.
 C = Inter-level travel time spent in this place.
 D = Time resting spent in this place.
 E = Time spent auto-exploring this place.
 F = Levels seen in this place.
 G = Mean time per level.
                   A        B        C        D        E       F      G
               +--------+--------+--------+--------+--------+-----+--------+
         Total |   2037 |   1833 |    204 |      0 |   1348 |   3 |  679.0 |
       Dungeon |   2037 |   1833 |    204 |      0 |   1348 |   3 |  679.0 |
               +--------+--------+--------+--------+--------+-----+--------+

Top non-repeatable levels by time:
     D:2: 962 daAuts
     D:1: 671 daAuts
     D:3: 403 daAuts
